 Dungeon Crawl Stone Soup version 0.19.1-1-g22dce08 (webtiles) character file.

102 schauveau the Chopper (level 4, 0/28 HPs)
             Began as a Gargoyle Berserker on Dec 31, 2016.
             Was a Believer of Trog.
             Killed by divine providence
             ... invoked by an orc priest
              (14 damage)
             ... on level 3 of the Dungeon.
             The game lasted 00:03:41 (2103 turns).

schauveau the Chopper (Gargoyle Berserker)          Turns: 2103, Time: 00:03:44

Health: 0/28       AC: 15    Str: 22    XL:     4   Next: 77%
Magic:  4/4        EV: 10    Int:  7    God:    Trog [**....]
Gold:   118        SH:  0    Dex:  9    Spells: 0 memorised, 3 levels left

rFire  . . .     SeeInvis .     a - +0 hand axe
rCold  . . .     Gourm    .     m - +0 chain mail
rNeg   + . .     Faith    .     (no shield)
rPois  ∞         Spirit   .     d - +2 helmet
rElec  +         Reflect  .     (no cloak)
rCorr  .         Harm     .     (no gloves)
MR     .....                    (no boots)
Stlth  ..........               (no amulet)
                                (no ring)
                                e - +2 ring of evasion

@: no status effects
A: negative energy resistance 1, electricity resistance, unbreathing,
petrification resistance, rot immunity, AC +3
a: Berserk, Trog's Hand, Burn Spellbooks, Renounce Religion


You were on level 3 of the Dungeon.
You worshipped Trog.
Trog was pleased with you.
You were not hungry.

You visited 1 branch of the dungeon, and saw 3 of its levels.

You collected 118 gold pieces.

Inventory:

Hand Weapons
 a - a +0 hand axe (weapon)
 k - a +0 spear
 o - a +0 club
 w - a +0 blowgun
Missiles
 x - 13 poisoned needles
Armour
 d - a +2 helmet (worn)
 m - a +0 chain mail (worn)
Jewellery
 e - a +2 ring of evasion (left hand)
 j - a +3 ring of intelligence
 r - an uncursed ring of ice
Scrolls
 f - a scroll of enchant weapon {unknown}
 g - 2 scrolls of amnesia {unknown}
 h - a scroll of random uselessness {unknown}
 l - 4 scrolls of identify {unknown}
 s - a scroll of blinking {unknown}
 t - 3 scrolls of fog {unknown}
 y - a scroll of remove curse {unknown}
Potions
 b - 3 potions of flight {unknown}
 i - 2 potions of magic {unknown}
 n - a potion of heal wounds {unknown}
 p - a potion of lignification {unknown}
 q - 2 potions of might {unknown}
 v - a potion of mutation {unknown}
Comestibles
 c - 3 bread rations
 u - 7 chunks of flesh


   Skills:
 - Level 3.2 Fighting
 * Level 4.8 Axes
 - Level 2.1 Armour
 - Level 1.5 Dodging


You had 3 spell levels left.
You didn't know any spells.

Dungeon Overview and Level Annotations

Branches:
Dungeon (3/15)

Altars:
Dithmenos
Kikubaaqudgha


Innate Abilities, Weirdness & Mutations

You are resistant to torment.
Your stone body is resilient. (AC +3)
You are immune to poison.
You resist negative energy. (rN+)
You are resistant to electric shocks. (rElec)
You can survive without breathing.
You are immune to petrification.
You are immune to rotting.


Message History

The orc priest is heavily wounded.
The orc priest hits you but does no damage.
The orc closely misses you.
The orc priest hits you but does no damage.
You hit the orc priest.
The orc priest is almost dead.
The orc hits you from afar with a trident.
The orc priest hits you but does no damage.
You barely miss the orc priest.
The orc priest is almost dead.
The orc hits you but does no damage.
The orc priest calls down the wrath of Beogh upon you.
Pain shoots through your body!
You barely miss the orc priest.
The orc priest is almost dead.
The orc hits you but does no damage.
The orc priest mumbles some strange prayers to Beogh against you.
Beogh smites you!
Ouch! That really hurt!
You die...

##########
#######..o......
#.......@.o.....
#########.....).#.#####.
.(............###.#
..##..............# ##
.# #
#.......###.........#.#
#.#...#####
#.#######.#.# #.#...#
#.# #.#.#
......#######.# #.#.#
#.#†)...[.....#
#####.#.#


You could see an orc priest and an orc.

Vanquished Creatures
  3 adders
  3 worms
  2 dart slugs
  2 leopard geckos
  3 orcs (D:3)
  4 giant cockroaches
  2 goblins
  7 hobgoblins
  4 jackals (D:1)
  10 kobolds
  6 bats
  6 frilled lizards
  6 rats
58 creatures vanquished.

Vanquished Creatures (others)
  A frilled lizard (D:1)
1 creature vanquished.

Grand Total: 59 creatures vanquished

Notes
Turn   | Place    | Note
-------+----------+-------------------------------------------
     0 | D:1      | schauveau the Gargoyle Berserker began the quest for the Orb.
     0 | D:1      | Reached XP level 1. HP: 14/14 MP: 1/1
    89 | D:1      | Reached skill level 3 in Axes
   124 | D:1      | Reached XP level 2. HP: 16/19 MP: 2/2
   570 | D:1      | Reached XP level 3. HP: 22/23 MP: 3/3
  1071 | D:2      | Found an ancient bone altar of Kikubaaqudgha.
  1074 | D:2      | Reached ** piety under Trog
  1126 | D:2      | Found a shadowy altar of Dithmenos.
  1129 | D:2      | Reached skill level 4 in Axes
  1229 | D:2      | Reached XP level 4. HP: 27/28 MP: 4/4
  2103 | D:3      | Killed from afar by an orc priest

Skill      XL: |  1  2  3 |
---------------+----------+-----
Axes           | 3 4 |  4.8
Fighting       | |  3.2
Armour         | |  2.1
Dodging        | |  1.5

Action                   |  1- 3 |  4- 6 || total
-------------------------+-------+-------++-------
Melee: Hand axe          |   115 |   105 ||   220
  Eat: Chunk             |     1 |     1 ||     2
       Meat ration       |       |     1 ||     1
Armor: Animal skin       |    21 |       ||    21
       Chain mail        |    35 |    63 ||    98
Dodge: Dodged            |    76 |    45 ||   121
